[ AOE2 MATCH · #507081249 ]
UnrankedVikings vs Armenians
Player's team · WIN
Rival team · LOSS
[ REPLAY ANALYSIS · EXTRACTED FROM THE RECORDED GAME ]
Feudal
10:57
Castle
23:01
Imperial
35:03
| APM avg | 97.8 |
| APM peak | 157 |
| eAPM avg | 33.0 |
| Villagers / military | 129 / 74 |
Focus
⚔️ 38.6% · 🌾 61.4%
Skirmisher ×38 · Archer ×30 · Monk ×2 · Militia ×2 · Mangonel ×1 · Spearman ×1
Feudal
12:15
Castle
22:45
Imperial
—
| APM avg | 74.8 |
| APM peak | 117 |
| eAPM avg | 35.5 |
| Villagers / military | 95 / 67 |
Focus
⚔️ 51.3% · 🌾 48.7%
Militia ×33 · Archer ×16 · Scorpion ×11 · Mangonel ×4 · Monk ×3
Match map
Initial resources + every placement click. Lines = walls · curves = elevation contours. ◆ gold · ⬟ stone · ● berries · ✦ relic · ◌ wall gap
Your base· Open — 5t gap
NuMa | AngelR2's base· Open — 6t gap
Smoothed initial terrain · ◌ = detected wall gap · hover for details
Inputs per minute
— Speed - - NuMa | AngelR2
Build order — Speed
First 150 of 361 actions detected
| 0:01 | Create | Villager (Male) |
| 0:01 | Create | Villager (Male) |
| 0:01 | Create | Villager (Male) |
| 0:02 | Build | House |
| 0:03 | Build | House |
| 1:03 | Create | Villager (Male) |
| 1:36 | Create | Villager (Male) |
| 1:36 | Create | Villager (Male) |
| 2:01 | Create | Villager (Male) |
| 2:12 | Build | Barracks |
| 2:29 | Create | Villager (Male) |
| 2:50 | Create | Villager (Male) |
| 3:10 | Build | House |
| 3:15 | Create | Militia |
| 3:22 | Create | Villager (Male) |
| 3:22 | Create | Villager (Male) |
| 3:41 | Create | Militia |
| 3:45 | Research | Loom |
| 4:01 | Create | Villager (Male) |
| 4:33 | Create | Villager (Male) |
| 4:56 | Create | Villager (Male) |
| 4:58 | Build | House |
| 5:13 | Create | Villager (Male) |
| 5:40 | Create | Villager (Male) |
| 6:06 | Create | Villager (Male) |
| 6:20 | Build | Mill |
| 6:31 | Create | Villager (Male) |
| 6:56 | Create | Villager (Male) |
| 7:20 | Create | Villager (Male) |
| 7:29 | Create | Villager (Male) |
| 8:11 | Create | Villager (Male) |
| 8:31 | Build | Lumber Camp |
| 8:45 | Research | Feudal Age |
| 9:29 | Build | Mining Camp |
| 10:03 | Build | Palisade Wall |
| 10:05 | Build | Palisade Wall |
| 10:07 | Build | Palisade Wall |
| 10:08 | Build | Palisade Wall |
| 10:12 | Build | Palisade Wall |
| 10:14 | Build | Palisade Wall |
| 10:16 | Build | Mill |
| 10:18 | Build | Palisade Wall |
| 10:19 | Build | Palisade Wall |
| 10:20 | Build | Palisade Wall |
| 10:21 | Build | Palisade Wall |
| 10:23 | Build | Palisade Wall |
| 10:24 | Build | Palisade Wall |
| 10:24 | Build | Palisade Wall |
| 10:25 | Build | Palisade Wall |
| 10:38 | Create | Villager (Male) |
| 10:41 | Build | Palisade Wall |
| 10:42 | Build | Palisade Wall |
| 10:57 | Age | Feudal Age |
| 11:02 | Build | House |
| 11:04 | Research | Town Watch |
| 11:04 | Research | Town Watch |
| 11:08 | Build | House |
| 11:09 | Build | Palisade Wall |
| 11:10 | Build | Palisade Wall |
| 11:11 | Build | Palisade Wall |
| 11:12 | Build | Palisade Wall |
| 11:13 | Create | Villager (Male) |
| 11:17 | Build | Palisade Wall |
| 11:18 | Build | Palisade Wall |
| 11:24 | Research | Double-Bit Axe |
| 11:38 | Create | Villager (Male) |
| 12:04 | Create | Villager (Male) |
| 12:29 | Build | Archery Range |
| 12:32 | Create | Villager (Male) |
| 12:48 | Build | Farm |
| 12:53 | Build | House |
| 12:56 | Create | Villager (Male) |
| 13:14 | Build | House |
| 13:21 | Create | Villager (Male) |
| 13:25 | Build | Blacksmith |
| 13:25 | Create | Archer |
| 13:30 | Create | Skirmisher |
| 13:36 | Build | Farm |
| 13:43 | Build | Palisade Wall |
| 13:47 | Create | Skirmisher |
| 13:51 | Build | Farm |
| 13:51 | Create | Villager (Male) |
| 14:04 | Build | House |
| 14:10 | Build | Palisade Wall |
| 14:11 | Create | Villager (Male) |
| 14:12 | Create | Skirmisher |
| 14:13 | Build | Farm |
| 14:24 | Build | Palisade Wall |
| 14:26 | Create | Skirmisher |
| 14:31 | Build | Farm |
| 14:47 | Create | Villager (Male) |
| 14:51 | Build | Farm |
| 14:55 | Create | Spearman |
| 15:02 | Build | Palisade Wall |
| 15:03 | Create | Skirmisher |
| 15:05 | Build | House |
| 15:07 | Create | Villager (Male) |
| 15:17 | Build | Farm |
| 15:23 | Create | Villager (Male) |
| 15:31 | Build | Farm |
| 15:35 | Build | Farm |
| 15:36 | Build | Farm |
| 15:42 | Build | House |
| 15:45 | Create | Skirmisher |
| 15:54 | Create | Villager (Male) |
| 15:59 | Build | Farm |
| 16:05 | Create | Skirmisher |
| 16:11 | Build | Farm |
| 16:15 | Build | House |
| 16:17 | Research | Fletching |
| 16:17 | Research | Fletching |
| 16:23 | Create | Skirmisher |
| 16:35 | Create | Villager (Male) |
| 16:37 | Build | Farm |
| 16:38 | Build | Farm |
| 16:51 | Create | Villager (Male) |
| 16:55 | Create | Skirmisher |
| 17:08 | Research | Padded Archer Armor |
| 17:12 | Create | Villager (Male) |
| 17:15 | Build | Farm |
| 17:20 | Create | Skirmisher |
| 17:36 | Create | Villager (Male) |
| 17:37 | Build | Farm |
| 17:40 | Create | Skirmisher |
| 17:55 | Build | Farm |
| 18:00 | Create | Villager (Male) |
| 18:15 | Create | Skirmisher |
| 18:29 | Create | Villager (Male) |
| 18:30 | Create | Skirmisher |
| 18:47 | Build | Farm |
| 18:47 | Build | Farm |
| 18:55 | Create | Villager (Male) |
| 19:02 | Create | Skirmisher |
| 19:04 | Create | Skirmisher |
| 19:12 | Create | Skirmisher |
| 19:25 | Build | Farm |
| 19:26 | Build | Farm |
| 19:27 | Build | Farm |
| 19:31 | Create | Villager (Male) |
| 19:48 | Create | Villager (Male) |
| 19:54 | Build | Farm |
| 19:55 | Build | Farm |
| 20:03 | Build | Lumber Camp |
| 20:21 | Research | Castle Age |
| 20:21 | Research | Castle Age |
| 20:23 | Create | Skirmisher |
| 20:25 | Build | Archery Range |
| 20:26 | Build | House |
| 20:29 | Build | House |
| 20:29 | Build | House |
Build order — NuMa | AngelR2
First 150 of 288 actions detected
| 0:00 | Create | Villager (Male) |
| 0:01 | Create | Villager (Male) |
| 0:02 | Build | House |
| 0:02 | Build | House |
| 0:09 | Create | Villager (Male) |
| 0:11 | Create | Villager (Male) |
| 1:25 | Create | Villager (Male) |
| 1:52 | Create | Villager (Male) |
| 2:22 | Create | Villager (Male) |
| 2:44 | Create | Villager (Male) |
| 3:02 | Build | Barracks |
| 3:10 | Create | Villager (Male) |
| 3:28 | Build | House |
| 3:40 | Build | House |
| 3:42 | Create | Villager (Male) |
| 4:01 | Create | Militia |
| 4:04 | Create | Villager (Male) |
| 4:19 | Create | Militia |
| 4:37 | Create | Villager (Male) |
| 4:37 | Create | Villager (Male) |
| 5:05 | Research | Loom |
| 5:18 | Create | Villager (Male) |
| 5:39 | Build | Mule Cart |
| 5:57 | Create | Villager (Male) |
| 6:18 | Create | Villager (Male) |
| 6:21 | Create | Villager (Male) |
| 6:28 | Create | Militia |
| 6:31 | Build | House |
| 7:15 | Create | Villager (Male) |
| 7:20 | Build | Mule Cart |
| 7:42 | Create | Villager (Male) |
| 8:20 | Create | Villager (Male) |
| 8:37 | Create | Villager (Male) |
| 9:05 | Create | Villager (Male) |
| 9:30 | Create | Villager (Male) |
| 10:05 | Research | Feudal Age |
| 10:25 | Create | Militia |
| 10:51 | Build | House |
| 10:52 | Build | House |
| 11:22 | Create | Villager (Male) |
| 11:45 | Build | Mill |
| 12:00 | Create | Villager (Male) |
| 12:11 | Build | Mule Cart |
| 12:15 | Age | Feudal Age |
| 12:17 | Build | Archery Range |
| 12:23 | Build | Archery Range |
| 12:25 | Research | Double-Bit Axe |
| 12:36 | Build | Farm |
| 12:47 | Create | Villager (Male) |
| 13:04 | Create | Archer |
| 13:07 | Create | Archer |
| 13:11 | Create | Villager (Male) |
| 13:17 | Build | Palisade Wall |
| 13:18 | Build | Palisade Wall |
| 13:19 | Build | Palisade Wall |
| 13:24 | Build | Palisade Wall |
| 13:27 | Build | Palisade Wall |
| 13:28 | Build | Palisade Wall |
| 13:41 | Build | Farm |
| 13:43 | Build | Farm |
| 13:43 | Build | Farm |
| 13:47 | Create | Archer |
| 13:47 | Create | Archer |
| 13:49 | Create | Villager (Male) |
| 14:02 | Create | Archer |
| 14:03 | Create | Archer |
| 14:19 | Create | Villager (Male) |
| 14:27 | Build | House |
| 14:27 | Build | House |
| 14:30 | Build | Palisade Wall |
| 14:31 | Build | Palisade Wall |
| 14:45 | Build | Farm |
| 14:45 | Create | Villager (Male) |
| 15:00 | Build | Blacksmith |
| 15:01 | Build | Palisade Wall |
| 15:19 | Create | Villager (Male) |
| 15:29 | Create | Archer |
| 15:29 | Create | Archer |
| 15:36 | Build | House |
| 15:38 | Create | Villager (Male) |
| 15:40 | Build | House |
| 15:54 | Research | Fletching |
| 15:54 | Research | Fletching |
| 15:56 | Create | Archer |
| 15:57 | Create | Archer |
| 16:05 | Build | House |
| 16:08 | Create | Villager (Male) |
| 16:12 | Build | Farm |
| 16:13 | Build | Farm |
| 16:28 | Create | Villager (Male) |
| 16:29 | Create | Archer |
| 16:29 | Create | Archer |
| 16:50 | Create | Villager (Male) |
| 16:53 | Build | Farm |
| 16:55 | Build | Farm |
| 16:58 | Build | Farm |
| 17:09 | Research | Man-at-Arms (upgrade) |
| 17:11 | Create | Archer |
| 17:12 | Create | Archer |
| 17:19 | Create | Villager (Male) |
| 17:28 | Build | Farm |
| 17:40 | Create | Villager (Male) |
| 17:42 | Build | Farm |
| 17:53 | Create | Villager (Male) |
| 17:56 | Create | Archer |
| 17:57 | Create | Archer |
| 18:10 | Build | Farm |
| 18:40 | Create | Villager (Male) |
| 18:45 | Build | Farm |
| 18:47 | Build | Farm |
| 19:28 | Create | Villager (Male) |
| 20:05 | Research | Castle Age |
| 20:11 | Build | Barracks |
| 20:33 | Build | Mule Cart |
| 20:34 | Create | Militia |
| 20:35 | Create | Militia |
| 20:40 | Research | Scale Mail Armor |
| 20:43 | Build | Farm |
| 20:50 | Build | House |
| 20:54 | Build | House |
| 21:00 | Build | House |
| 21:07 | Create | Militia |
| 21:07 | Create | Militia |
| 21:15 | Research | Gold Mining |
| 21:15 | Research | Gold Mining |
| 21:33 | Create | Militia |
| 21:42 | Create | Militia |
| 22:15 | Build | House |
| 22:28 | Research | Long Swordsman (upgrade) |
| 22:29 | Research | Long Swordsman (upgrade) |
| 22:40 | Create | Militia |
| 22:43 | Build | Farm |
| 22:45 | Age | Castle Age |
| 22:48 | Build | Farm |
| 22:50 | Build | Farm |
| 22:53 | Build | Monastery |
| 22:58 | Create | Villager (Male) |
| 23:03 | Build | Market |
| 23:13 | Build | Town Center |
| 23:16 | Create | Militia |
| 23:16 | Create | Villager (Male) |
| 23:31 | Create | Militia |
| 23:38 | Build | Town Center |
| 23:47 | Build | Farm |
| 23:47 | Build | Farm |
| 23:57 | Create | Villager (Male) |
| 24:06 | Build | House |
| 24:12 | Create | Monk |
| 24:18 | Create | Villager (Male) |
| 24:32 | Research | Squires |
Match timeline
| 2:12 | Speed · first_building Barracks |
| 3:02 | NuMa | AngelR2 · first_building Barracks |
| 10:03 | Speed · wall_segment Palisade Wall x1 |
| 10:05 | Speed · wall_segment Palisade Wall x2 |
| 10:07 | Speed · wall_segment Palisade Wall x1 |
| 10:08 | Speed · wall_segment Palisade Wall x1 |
| 10:12 | Speed · wall_segment Palisade Wall x1 |
| 10:14 | Speed · wall_segment Palisade Wall x1 |
| 10:18 | Speed · wall_segment Palisade Wall x1 |
| 10:19 | Speed · wall_segment Palisade Wall x1 |
| 10:20 | Speed · wall_segment Palisade Wall x1 |
| 10:21 | Speed · wall_segment Palisade Wall x1 |
| 10:23 | Speed · wall_segment Palisade Wall x1 |
| 10:24 | Speed · wall_segment Palisade Wall x1 |
| 10:24 | Speed · wall_segment Palisade Wall x1 |
| 10:25 | Speed · wall_segment Palisade Wall x1 |
| 10:41 | Speed · wall_segment Palisade Wall x1 |
| 10:42 | Speed · wall_segment Palisade Wall x1 |
| 10:57 | Speed · age_up feudal |
| 11:09 | Speed · wall_segment Palisade Wall x1 |
| 11:10 | Speed · wall_segment Palisade Wall x1 |
| 11:11 | Speed · wall_segment Palisade Wall x1 |
| 11:12 | Speed · wall_segment Palisade Wall x1 |
| 11:17 | Speed · wall_segment Palisade Wall x1 |
| 11:18 | Speed · wall_segment Palisade Wall x1 |
| 12:15 | NuMa | AngelR2 · age_up feudal |
| 12:17 | NuMa | AngelR2 · first_building Archery Range |
| 12:29 | Speed · first_building Archery Range |
| 13:17 | NuMa | AngelR2 · wall_segment Palisade Wall x1 |
| 13:18 | NuMa | AngelR2 · wall_segment Palisade Wall x6 |
| 13:19 | NuMa | AngelR2 · wall_segment Palisade Wall x3 |
| 13:24 | NuMa | AngelR2 · wall_segment Palisade Wall x2 |
| 13:27 | NuMa | AngelR2 · wall_segment Palisade Wall x3 |
| 13:28 | NuMa | AngelR2 · wall_segment Palisade Wall x7 |
| 13:43 | Speed · wall_segment Palisade Wall x4 |
| 14:10 | Speed · wall_segment Palisade Wall x4 |
| 14:24 | Speed · wall_segment Palisade Wall x1 |
| 14:30 | NuMa | AngelR2 · wall_segment Palisade Wall x1 |
| 14:31 | NuMa | AngelR2 · wall_segment Palisade Wall x5 |
| 15:01 | NuMa | AngelR2 · wall_segment Palisade Wall x1 |
| 15:02 | Speed · wall_segment Palisade Wall x1 |
| 22:45 | NuMa | AngelR2 · age_up castle |
| 22:53 | NuMa | AngelR2 · first_building Monastery |
| 23:01 | Speed · age_up castle |
| 24:30 | NuMa | AngelR2 · first_market_buy 100 food |
| 24:46 | NuMa | AngelR2 · wall_segment Palisade Wall x1 |
| 27:18 | NuMa | AngelR2 · first_building Siege Workshop |
| 28:50 | NuMa | AngelR2 · first_market_sell 100 wood |
| 31:02 | Speed · first_building Monastery |
| 33:09 | Speed · first_market_buy 100 wood |
| 33:36 | Speed · first_building Siege Workshop |
| 35:03 | Speed · age_up imperial |
| 36:24 | NuMa | AngelR2 · resign |
[ AI ANALYSIS · 1 CREDIT ]
What really happened in this match?
Wolo.gg analyzes every decision: build order, eco, micro, common mistakes by bracket. Personalized analysis on WhatsApp or Discord in 30 seconds.
Civ guide
Vikings
Perfil
Jugador #17731854